 Dungeon Sprint DCSS version 0.30-a0-737-gf23d94013f (webtiles) character file.

Game seed: 11229313662218133311

104 sircluck the Shield-Bearer (level 4, 0/49 HPs)
             Began as a Troll Fighter on Feb 2, 2023.
             Slain by Sigmund
             ... wielding a +0 scythe
              (5 damage)
             ... in the Dungeon (Sprint I: "Red Sonja").
             The game lasted 00:00:53 (68 turns).

sircluck the Shield-Bearer (Troll Fighter)            Turns: 68, Time: 00:00:54

Health: 0/49       AC:  4    Str: 26    XL:     4   Next: 52%
Magic:  3/3        EV:  9    Int:  4    God:
Gold:   54         SH:  0    Dex:  9    Spells: 3/3 levels left

rFire   . . .      SeeInvis .      - Unarmed
rCold   . . .      Faith    .    b - +0 kite shield
rNeg    . . .      Spirit   .    a - +0 robe
rPois   .          Reflect  .    (helmet restricted)
rElec   .          Harm     .    (no cloak)
rCorr   .          Rampage  .    (gloves unavailable)
Will    .....      NoTele   +    (boots unavailable)
Stlth   +                        (no amulet)
HPRegen 1.08/turn                (no ring)
MPRegen 0.08/turn                (no ring)

@: confused
A: large, unfitting armour, claws 3, regeneration 1, shaggy fur 1, tough skin 1
a: no special abilities


You were in the Dungeon.
You visited 1 branch You collected 54 gold pieces.

Inventory:

Armour
 a - a +0 robe (worn)
 b - a +0 kite shield (worn)
Wands
 j - a wand of flame (24)
Scrolls
 i - a scroll of blinking
Potions
 c - a potion of might
 d - a potion of curing
 e - a potion of heal wounds
 f - a potion of haste
 g - 2 potions of magic
 h - a potion of berserk rage


   Skills:
 + Level 4.7 Fighting
 + Level 4.8 Dodging
 + Level 5.1 Shields
 + Level 3.5 Unarmed Combat


You had 3 spell levels left.
You didn't know any spells.
Your spell library was empty.

Dungeon Overview and Level Annotations

Branches:
Dungeon (1/1)

Altars:

Annotations:
D Sigmund


Innate Abilities, Weirdness & Mutations

You are too large for most types of armour.
You have claws for hands.
Your natural rate of healing is unusually fast.
You are covered in fur. (AC +1)
You have tough skin. (AC +1)


Message History

You closely miss something. Something hits you but does no damage.
You closely miss something. You miss something.
Something hits you but does no damage.
You closely miss something. Something hits you but does no damage.
You barely miss something. You scratch something but do no damage.
Something hits you.
You closely miss something. Something hits you!
You closely miss something.
You hear some strange, mumbled words.
A magic dart appears from out of thin air!
The magic dart hits you!
You closely miss something. Something hits you but does no damage.
You miss something. You miss something. Something hits you but does no damage.
You completely miss something. Something hits you!
You scratch something but do no damage. Something hits you but does no damage.
There is an open door here.
You hear some strange, mumbled words.
Something tries to affect you, but you resist.
Something hits you.
There is an open door here.
You miss something. Something hits you!
You closely miss something. Something hits you.
You scratch something. Something hits you!
* * * LOW HITPOINT WARNING * * *
You claw something! You completely miss something.
You hear some strange, mumbled words.
You are confused.
You're too confused to move!
You hear some strange, mumbled words.
You are more confused.
Something hits you!
* * * LOW HITPOINT WARNING * * *
There is an open door here.
You bump into the rock wall.
Something hits you but does no damage.
You bump into the rock wall.
You bump into the rock wall.
Something hits you.
You die...

#############
#<.#..)..#..+
#..').#..'..#
#..#####@####
#..# #..#
#..# ####
#..# #⌠⌠#
####


There were no monsters in sight!

Vanquished Creatures
  An ogre (D)
  Ijyb (D)
2 creatures vanquished.

Notes
Turn   | Place    | Note
-------+----------+-------------------------------------------
     0 | D        | sircluck the Troll Fighter began the quest for the Orb.
     0 | D        | Reached XP level 1. HP: 22/22 MP: 0/0
     2 | D        | Noticed Ijyb
     8 | D        | Killed Ijyb
     9 | D        | Reached skill level 3 in Shields
     9 | D        | Reached XP level 2. HP: 20/31 MP: 1/1
    19 | D        | Noticed an ogre
    24 | D        | Killed an ogre
    25 | D        | Reached skill level 5 in Shields
    25 | D        | Reached XP level 3. HP: 40/40 MP: 2/2
    25 | D        | Reached XP level 4. HP: 49/49 MP: 3/3
    38 | D        | Noticed Sigmund
    65 | D        | HP: 2/49 [something (8)]
    68 | D        | Slain by Sigmund

Illustrated notes

Levels and vault maps discovered:
D:        dungeon_sprint_1 [red_sonja_temple_1, red_sonja_temple_small_1]

Skill      XL: |  1  2 |
---------------+-------+-----
Fighting       | 3 4 |  4.7
Dodging        | 3 4 |  4.8
Shields        | 3 5 |  5.1
Unarmed Combat | 3 |  3.5

Action                     |  1- 3 |  4- 6 || total
---------------------------+-------+-------++-------
  Melee: Unarmed           |     9 |    19 ||    28
  Evoke: Wand              |     1 |       ||     1
 Armour: Robe              |       |     7 ||     7
  Dodge: Dodged            |     2 |       ||     2
  Block: Kite shield       |     2 |       ||     2

Table legend: (Time is in decaauts)
 A = Elapsed time spent in this place.
 B = Non-inter-level travel time spent in this place.
 C = Inter-level travel time spent in this place.
 D = Time resting spent in this place.
 E = Time spent auto-exploring this place.
 F = Levels seen in this place.
 G = Mean time per level.
                   A        B        C        D        E       F      G
               +--------+--------+--------+--------+--------+-----+--------+
         Total |     69 |     69 |      0 |      0 |      0 |   1 |   69.0 |
       Dungeon |     69 |     69 |      0 |      0 |      0 |   1 |   69.0 |
               +--------+--------+--------+--------+--------+-----+--------+

Top non-repeatable levels by time:
       D: 69 daAuts
